 Dungeon Crawl Stone Soup version 0.19.1 (webtiles) character file.

58 Jerry the Covered (level 3, 31/31 HPs)
             Began as a Minotaur Fighter on Dec 27, 2016.
             Quit the game on level 3 of the Dungeon.
             The game lasted 00:02:27 (1131 turns).

Jerry the Covered (Minotaur Fighter)                Turns: 1131, Time: 00:02:28

Health: 31/31      AC:  7    Str: 20    XL:     3   Next: 75%
Magic:  2/2        EV: 10    Int:  5    God:
Gold:   44         SH:  0    Dex: 10    Spells: 0 memorised, 2 levels left

rFire  x . .     SeeInvis .     a - +0 long sword
rCold  + . .     Gourm    .     b - +0 scale mail
rNeg   . . .     Faith    .     (no shield)
rPois  .         Spirit   .     (helmet restricted)
rElec  .         Reflect  .     (no cloak)
rCorr  .         Harm     .     (no gloves)
MR     .....                    (no boots)
Stlth  ..........               (no amulet)
                                (no ring)
                                h - ring of ice

@: no status effects
A: retaliatory headbutt, horns 2
a: no special abilities


You were on level 3 of the Dungeon.
You were not hungry.

You visited 1 branch of the dungeon, and saw 3 of its levels.

You collected 44 gold pieces.

Inventory:

Hand Weapons
 a - a +0 long sword (weapon)
Armour
 b - a +0 scale mail (worn)
 c - a +0 shield
Jewellery
 h - a ring of ice (left hand)
Wands
 n - a wand of enslavement (9/24)
Scrolls
 i - 2 scrolls of identify {unknown}
 j - a scroll of remove curse {unknown}
 l - a scroll of enchant weapon {unknown}
 m - a scroll of blinking {unknown}
 r - a scroll of noise {unknown}
 s - a scroll of magic mapping {unknown}
 t - a scroll of immolation {unknown}
Potions
 d - 2 potions of might
 e - a potion of ambrosia {unknown}
 k - a potion of magic {unknown}
 q - a potion of resistance {unknown}
Comestibles
 f - 3 bread rations
 g - 3 chunks of flesh
 o - a meat ration
 p - a beef jerky


   Skills:
 - Level 3.6 Fighting
 + Level 3.7 Long Blades
 + Level 4.3 Armour
 + Level 1.9 Dodging
 - Level 3.6 Shields


You had 2 spell levels left.
You didn't know any spells.

Dungeon Overview and Level Annotations

Branches:
Dungeon (3/15)

Altars:
Ashenzari
Sif Muna


Innate Abilities, Weirdness & Mutations

You reflexively headbutt those who attack you in melee.
You have a pair of horns on your head.


Message History

Your surroundings suddenly seem different.
Found a scroll labeled JIBEOD RYMUQU.
t - a scroll labeled JIBEOD RYMUQU A ball python comes into view.
The ball python hisses angrily.
Found a club.
A ball python is nearby!
A ball python is nearby!
You closely miss the ball python. Your headbutt misses the ball python.
The ball python bites you but does no damage.
The ball python grabs you. The ball python constricts you.
You barely miss the ball python.
The ball python bites you but does no damage.
The ball python constricts you.
You slash the ball python!
You kill the ball python!
No target in view!
No target in view!
No target in view!
Are you sure you want to abandon this character and quit the game? (Confirm with "yes".)

#.# #.# #.#
#.# #.# #.#
#.#
###.#########.
#.....@....)..
#.#.##########
#.#....#
#.####.#
#......#######
###...........
#.#########.
#.# #.#


There were no monsters in sight!

Vanquished Creatures
  An adder (D:2)
  2 worms (D:2)
  A dart slug (D:1)
  A leopard gecko (D:1)
  3 ball pythons
  A giant cockroach (D:1)
  5 hobgoblins
  3 jackals (D:1)
  A quokka (D:2)
  4 bats
  3 frilled lizards
  5 goblins
  3 kobolds
  7 rats
40 creatures vanquished.

Notes
Turn   | Place    | Note
-------+----------+-------------------------------------------
     0 | D:1      | Jerry the Minotaur Fighter began the quest for the Orb.
     0 | D:1      | Reached XP level 1. HP: 19/19 MP: 0/0
    90 | D:1      | Reached XP level 2. HP: 24/26 MP: 1/1
   164 | D:1      | Reached skill level 1 in Dodging
   208 | D:1      | Reached skill level 4 in Armour
   591 | D:2      | Reached XP level 3. HP: 31/31 MP: 2/2
   629 | D:2      | Found a shattered altar of Ashenzari.
   676 | D:2      | Found a deep blue altar of Sif Muna.
  1131 | D:3      | Quit the game

Skill      XL: |  1  2 |
---------------+-------+-----
Long Blades    | 3 |  3.7
Dodging        | 1 |  1.9
Armour         | 4 |  4.3
Fighting       | |  3.6
Shields        | |  3.6

Action                   || total
-------------------------++-------
Melee: Long sword        ||    80
       Headbutt          ||    12
  Eat: Chunk             ||     1
Armor: Scale mail        ||    41
Dodge: Dodged            ||    52
       Rpst.: Long sword ||    14
